 Dungeon Crawl Stone Soup version 0.31-a0-881-ge136f0c47a (webtiles) character file.

Game seed: 10956655585224398314

119 Kurtz the Sneak (level 5, 0/49 HPs)
             Began as a Naga Delver on Oct 15, 2023.
             Slain by an ufetubus (4 damage)
             ... on level 5 of the Dungeon.
             The game lasted 00:00:37 (349 turns).

Kurtz the Sneak (Naga Delver)                        Turns: 349, Time: 00:00:38

Health: 0/49       AC:  3    Str: 16    XL:     5   Next: 3%
Magic:  5/5        EV:  9    Int: 10    God:
Gold:   12         SH:  0    Dex: 13    Spells: 4/4 levels left

rFire   . . .        a - +0 hand axe
rCold   . . .        (no shield)
rNeg    . . .        b - +0 leather armour
rPois   +            (no helmet)
rElec   .            (no cloak)
rCorr   .            (no gloves)
SInv    +            (no barding)
Will    .....        (no amulet)
Stlth   +++          (no ring)
HPRegen 0.28/turn    (no ring)
MPRegen 0.09/turn

%: no passive effects
@: very slow
A: AC +1, large, see invisible, deformed body, poison resistance, slowness 2,
spit poison 1, naga tail 1
a: Spit Poison


You were on level 5 of the Dungeon.
You visited 1 branch of the dungeon, and saw 1 of its levels.

You collected 12 gold pieces.

Inventory:

Hand Weapons
 a - a +0 hand axe (weapon)
Armour
 b - a +0 leather armour (worn)
Wands
 g - a wand of digging (3)
Scrolls
 c - a scroll of fog
 d - a scroll of revelation
 e - a scroll of fear
Potions
 f - a potion of haste


   Skills:
 - Level 3.0 Fighting
 * Level 5.0 Axes
 - Level 1.5 Dodging
 - Level 7.2 Stealth


You had 4 spell levels left.
You didn't know any spells.
Your spell library contained the following spells:

 Spells                   Type           Power      Damage    Failure   Level
 Animate Armour           Summ/Erth      0%         N/A       99%         4
 Summon Lightning Spire   Summ/Air       0%         N/A       99%         4
 Lee's Rapid Deconstruct  Erth           0%         3d4*      100%        5


Dungeon Overview and Level Annotations

Branches:
Dungeon (5/15)
 Temple: D:4-7

Altars:
Xom


Innate Abilities, Weirdness & Mutations

Your serpentine skin is tough. (AC +1)
You have supernaturally acute eyesight. (SInv)
Armour fits poorly on your strangely shaped body.
Your system is resistant to poisons. (rPois)
You cover ground very slowly.
You can spit poison.
You have a snake-like lower body.


Message History

You are too injured to fight recklessly!
You are too injured to fight recklessly!
You are too injured to fight recklessly!
You are too injured to fight recklessly!
You are too injured to fight recklessly!
You are too injured to fight recklessly!
You are too injured to fight recklessly!
You are too injured to fight recklessly!
Unknown command.
You hit the ufetubus.
You kill the ufetubus!
You closely miss the ufetubus. The ufetubus barely misses you.
The ufetubus closely misses you. The ufetubus slips past you!
The ufetubus hits you. x2
You have reached level 5!
You closely miss the ufetubus.
The ufetubus is heavily wounded.
The ufetubus closely misses you. x2; The ufetubus barely misses you.
The ufetubus hits you.
You closely miss the ufetubus.
The ufetubus is heavily wounded.
The ufetubus hits you. The ufetubus completely misses you.
You hit the ufetubus.
The ufetubus is almost dead.
The ufetubus barely misses you. The ufetubus hits you.
* * * LOW HITPOINT WARNING * * *
The ufetubus hits you.
* * * LOW HITPOINT WARNING * * *
The ufetubus closely misses you.
You closely miss the ufetubus.
The ufetubus is almost dead.
The ufetubus hits you but does no damage.
The ufetubus hits you.
* * * LOW HITPOINT WARNING * * *
You barely miss the ufetubus.
The ufetubus is almost dead.
The ufetubus hits you.
* * * LOW HITPOINT WARNING * * *
The ufetubus hits you.
You die...

##############
###............##
#....@5....###..#
#.#...##...#.###.#
#..#.. #..#..# #.######
#...#....#...###.......
....#..#....##..#####'
#.# ..## .##.##.###....
... #.. .# .##. ###._
.# .. .. .##. #[... ..
####'


You could see an ufetubus.

Vanquished Creatures
  3 crimson imps (D:5)
  An adder (D:5)
  An ufetubus (D:5)
5 creatures vanquished.

Notes
Turn   | Place    | Note
-------+----------+-------------------------------------------
     0 | D:5      | Kurtz the Naga Delver began the quest for the Orb.
     0 | D:5      | Reached XP level 1. HP: 21/21 MP: 1/1
    48 | D:5      | Reached XP level 2. HP: 11/28 MP: 2/2
   127 | D:5      | Found a shimmering altar of Xom.
   129 | D:5      | Noticed a crimson imp
   129 | D:5      | Noticed a crimson imp
   129 | D:5      | Noticed a crimson imp
   140 | D:5      | Killed a crimson imp
   141 | D:5      | Reached XP level 3. HP: 3/34 MP: 3/3
   148 | D:5      | Reached XP level 4. HP: 5/42 MP: 4/4
   194 | D:5      | Reached skill level 5 in Axes
   345 | D:5      | Reached XP level 5. HP: 19/49 MP: 5/5
   349 | D:5      | Slain by an ufetubus

Illustrated notes

Levels and vault maps discovered:
D:5:      layout_loops_ring, led_xom_imps, mainiacjoe_overflow_paths,
          chequers_temple_overflow_statue_of_worship,
          minmay_temple_entry_mini_moons, minivault_26, minmay_manual_monolith

Skill      XL: |  1  2  3  4 |
---------------+-------------+-----
Axes           | 3 4 5 |  5.0
Fighting       | |  3.0
Dodging        | |  1.5
Stealth        | |  7.2

Action                     |  1- 3 |  4- 6 || total
---------------------------+-------+-------++-------
  Melee: Hand axe          |    28 |    18 ||    46
 Armour: Leather armour    |    23 |    25 ||    48
  Dodge: Dodged            |    17 |    16 ||    33

Table legend: (Time is in decaauts)
 A = Elapsed time spent in this place.
 B = Non-inter-level travel time spent in this place.
 C = Inter-level travel time spent in this place.
 D = Time resting spent in this place.
 E = Time spent auto-exploring this place.
 F = Levels seen in this place.
 G = Mean time per level.
                   A        B        C        D        E       F      G
               +--------+--------+--------+--------+--------+-----+--------+
         Total |    385 |    385 |      0 |    222 |     80 |   1 |  385.0 |
       Dungeon |    385 |    385 |      0 |    222 |     80 |   1 |  385.0 |
               +--------+--------+--------+--------+--------+-----+--------+

Top non-repeatable levels by time:
     D:5: 385 daAuts
